 Dungeon Crawl Stone Soup version 0.21-a0-536-gdbbf329 (webtiles) character file.

92 slep the Chopper (level 4, -2/23 HPs)
             Began as a Vine Stalker Gladiator on Dec 15, 2017.
             Slain by a bullfrog (6 damage)
             ... on level 3 of the Dungeon.
             The game lasted 00:04:31 (1198 turns).

slep the Chopper (Vine Stalker Gladiator)           Turns: 1198, Time: 00:04:32

Health: -2/23      AC:  6    Str: 18    XL:     4   Next: 60%
Magic:  0/5        EV: 13    Int:  8    God:
Gold:   153        SH:  0    Dex: 15    Spells: 3/3 levels left

rFire    . . .     SeeInvis .   a - +0 war axe
rCold    . . .     Gourm    .   (no shield)
rNeg     . . .     Faith    .   b - +0 leather armour
rPois    .         Spirit   +   s - +2 helmet
rElec    .         Reflect  .   (no cloak)
rCorr    .         Harm     .   (no gloves)
MR       .....                  (no boots)
Stlth    +.........             (no amulet)
HPRegen  0.47/turn              e - ring of wizardry
MPRegen  0.09/turn              (no ring)

@: no status effects
A: fangs 2, regeneration 1, magic shield, antimagic bite, no potion heal 3, rot
immunity
a: no special abilities


You were on level 3 of the Dungeon.
You were not hungry.

You visited 1 branch of the dungeon, and saw 3 of its levels.

You collected 153 gold pieces.

Inventory:

Hand Weapons
 a - a +0 war axe (weapon)
 t - a +0 blowgun
Missiles
 d - 3 throwing nets (quivered)
 u - 15 poisoned needles
Armour
 b - a +0 leather armour (worn)
 c - a +0 helmet
 s - a +2 helmet (worn)
Jewellery
 e - a ring of wizardry (left hand)
Scrolls
 h - 4 scrolls of identify {unknown}
 k - 2 scrolls of fog {unknown}
 l - 3 scrolls of amnesia {unknown}
 n - a scroll of remove curse {unknown}
 o - a scroll of immolation {unknown}
 p - a scroll of teleportation {unknown}
 r - a scroll of enchant armour {unknown}
Potions
 g - 2 potions of curing
 j - a potion of resistance {unknown}
 m - a potion of cancellation {unknown}
 q - a potion of might {unknown}
Comestibles
 f - 3 bread rations
 i - a royal jelly


   Skills:
 + Level 2.1 Fighting
 + Level 3.7 Axes
 + Level 1.7 Throwing
 + Level 1.1 Armour
 + Level 3.0 Dodging


You had 3 spell levels left.
You didn't know any spells.

Dungeon Overview and Level Annotations

Branches:
Dungeon (3/15)

Altars:

Annotations:
D:3 Wubbawubba's ghost, amateur NaFE


Innate Abilities, Weirdness & Mutations

You have extremely sharp teeth.
Your natural rate of healing is unusually fast.
When hurt, damage is shared between your health and your magic reserves.
Your bite disrupts and absorbs the magic of your enemies.
Potions cannot restore your health.
You are immune to rotting.


Message History

The kobold hits you but does no damage.
A quokka comes into view.
You closely miss the kobold. You hit the bullfrog.
The bullfrog barely misses you. The bullfrog closely misses you.
The kobold hits you but does no damage.
You barely miss the kobold. You bite the kobold, but do no damage.
You hit the bullfrog. The bullfrog hits you.
* * * LOW HITPOINT WARNING * * *
The kobold hits you with a club.
* * * LOW HITPOINT WARNING * * *
The bullfrog barely misses you. The bullfrog barely misses you.
You see here a poisoned needle.
Wubbawubba's ghost (amateur Naga Fire Elementalist) comes into view.
It is wielding a vorpal weapon.
Wubbawubba's ghost turns its malevolent gaze towards you.
The bullfrog barely misses you. The bullfrog misses you.
There is a stone staircase leading up here.
The bullfrog hits you.
You die...

.....#.....
..........#
..........#
#.........#
.....W....#
#.........#
...(......#
..#(@# #
#.#F##
####.#r#K#
.....#.#(#
.....=†#r#
#..%# #...#
##.†# #.>#


You could see a bullfrog, Wubbawubba's ghost, a quokka and a kobold.

Vanquished Creatures
  3 adders
  An ooze (D:2)
  A worm (D:2)
  3 dart slugs (D:1)
  An orc (D:3)
  A giant cockroach (D:2)
  4 goblins
  5 hobgoblins
  8 jackals (D:2)
  2 quokkas (D:2)
  A ball python (D:2)
  4 bats
  5 frilled lizards
  7 kobolds
  3 rats
49 creatures vanquished.

Notes
Turn   | Place    | Note
-------+----------+-------------------------------------------
     0 | D:1      | slep the Vine Stalker Gladiator began the quest for the Orb.
     0 | D:1      | Reached XP level 1. HP: 11/11 MP: 2/2
    93 | D:1      | Reached XP level 2. HP: 13/15 MP: 3/3
   584 | D:2      | Reached XP level 3. HP: 18/18 MP: 4/4
   794 | D:2      | Gained mutation: Your natural rate of healing is unusually fast. [Vine Stalker growth]
   794 | D:2      | Reached XP level 4. HP: 10/23 MP: 5/5
  1161 | D:3      | Reached skill level 1 in Armour
  1179 | D:3      | Noticed a bullfrog
  1192 | D:3      | HP: 1/23 [kobold/club (2)]
  1195 | D:3      | Noticed Wubbawubba's ghost (amateur NaFE)
  1198 | D:3      | Slain by a bullfrog

Vault maps used:
D:1:      matt_arrival_grand_opening

Skill      XL: |  1  2  3  4 |
---------------+-------------+-----
Axes           | 3 |  3.7
Fighting       | 2 |  2.1
Dodging        | 3 |  3.0
Armour         | 1 |  1.1
Throwing       | |  1.7

Action                   |  1- 3 |  4- 6 || total
-------------------------+-------+-------++-------
Melee: War axe           |    84 |    63 ||   147
       Bite              |    24 |    14 ||    38
  Use: Potion            |     1 |       ||     1
  Eat: Chunk             |       |     1 ||     1
Armor: Leather armour    |    31 |    19 ||    50
Dodge: Dodged            |    90 |    64 ||   154

Table legend:
 A = Spawn XP
 B = Non-spawn XP
 C = Spawn XP percentage of total XP
 D = Spawn monster count
 E = Non-spawn monster count
 F = Spawn count percentage of total count
 G = Total turns spent on level
                    A         B        C        D         E        F      G
               +---------+---------+-------+---------+---------+-------+---------
         Total |       0 |     132 |   0.0 |       0 |      49 |   0.0 |  1198
               +---------+---------+-------+---------+---------+-------+---------
           D:1 |       0 |      30 |   0.0 |       0 |      15 |   0.0 |   568
           D:2 |       0 |      80 |   0.0 |       0 |      28 |   0.0 |   579
           D:3 |       0 |      22 |   0.0 |       0 |       6 |   0.0 |    51
               +---------+---------+-------+---------+---------+-------+---------
